HSSL
BUTLER HS GOLDEN TORNADO @ MARIS SCHOOL
05/13/2025
 
TOP OF THE 1ST
Butler HS Golden Tornado batting - Pitching for Maris School : LHP Rick Wolf
Pitching: LHP Rick Wolf
Batting: LHB Byron McIlmoyle 0-0: Called Strike
0-1: Swinging Strike
0-2: Ball
1-2: Ball
2-2: SINGLE (Line Drive, 6D)
Batting: RHB Keith Gamble 0-0: Ball
1-0: Called Strike
1-1: Called Strike
1-2: Ball
2-2: Strikes out swinging
Batting: RHB Mike Morton 0-0: Ball
1-0: Grounds into double play, 5-4-3 (Groundball, 56)
Top of the 1st over - 0 run(s), 1 hit(s), 0 error(s), 0 left on base; Butler HS 0 - Maris School 0
BOTTOM OF THE 1ST
Maris School batting - Pitching for Butler HS Golden Tornado : RHP John O'Neil
Pitching: RHP John O'Neil
Batting: RHB Jason Ward 0-0: Called Strike
0-1: Ball
1-1: Ball
2-1: Swinging Strike
2-2: SINGLE (Line Drive, 56)
Batting: RHB Phil Poole 0-0: Ball
1-0: SINGLE (Line Drive, 8RS)
Jason Ward to second
Batting: RHB Dan Duckworth 0-0: Called Strike
0-1: Ball
1-1: Foul Ball, location: 2F
1-2: Ball
2-2: Foul Ball, location: 2F
2-2: Fly out, F7 (Line Drive, 78D)
Batting: RHB John Scammell 0-0: Called Strike
0-1: Ball
1-1: Ball
2-1: Called Strike
2-2: Strikes out swinging
Batting: LHB Ryan Martin 0-0: Ball
1-0: Ball
2-0: Foul Ball, location: 2F
2-1: Ball
3-1: Called Strike
3-2: Base on Balls
Jason Ward to third
Phil Poole to second
Batting: RHB Doug Carter 0-0: Called Strike
0-1: Called Strike
0-2: Strikes out looking
Bottom of the 1st over - 0 run(s), 2 hit(s), 0 error(s), 3 left on base; Butler HS 0 - Maris School 0
TOP OF THE 2ND
Butler HS Golden Tornado batting - Pitching for Maris School : LHP Rick Wolf
Batting: RHB Daniel Quintana 0-0: Ball
1-0: TRIPLE (Line Drive, 5L)
Batting: LHB Joe Vásquez 0-0: Ball
1-0: Ball
2-0: Ball
3-0: Base on Balls
Batting: LHB Curtis Hudson 0-0: Foul Ball, location: 2F
0-1: Ball
1-1: Swinging Strike
1-2: Ball
2-2: SINGLE (Line Drive, 3D)
Daniel Quintana scores
Joe Vásquez to second
Batting: LHB Rob Phillips 0-0: Ball
1-0: Ball
2-0: Called Strike
2-1: Ball
3-1: Base on Balls
Joe Vásquez to third
Curtis Hudson to second
Batting: RHB Ed Meyers 0-0: Foul Ball, location: 2F
0-1: Fly out, F9 (Flyball, 9S)
Batting: LHB Juan Díaz 0-0: Ball
1-0: Foul Ball, location: 2F
1-1: Foul Ball, location: 2F
Error on foul ball, E3
1-2: Foul Ball, location: 2F
1-2: Ball
2-2: Ball
3-2: Base on Balls
Joe Vásquez scores
Curtis Hudson to third
Rob Phillips to second
Batting: LHB Byron McIlmoyle 0-0: Ball
1-0: Ball
2-0: Swinging Strike
2-1: Foul Ball, location: 2F
2-2: Ball
3-2: Foul Ball, location: 2F
3-2: Foul Ball, location: 2F
3-2: Fly out, F6 (Popup, 5DF)
Batting: RHB Keith Gamble 0-0: Ball
1-0: Ball
2-0: Called Strike
2-1: Swinging Strike
2-2: Fielders Choice at 2nd, 6-4 (Groundball, 6)
Top of the 2nd over - 2 run(s), 2 hit(s), 1 error(s), 2 left on base; Butler HS 2 - Maris School 0
BOTTOM OF THE 2ND
Maris School batting - Pitching for Butler HS Golden Tornado : RHP John O'Neil
Batting: RHB Wayne Scott 0-0: Called Strike
0-1: Ball
1-1: Ball
2-1: Foul Ball, location: 2F
2-2: Strikes out swinging passed ball, reaches first!
Batting: RHB Dave McGuire Balk!
Wayne Scott to second
0-0: Ball
1-0: Foul Ball, location: 2F
1-1: Ball
2-1: Foul Ball, location: 2F
2-2: Reached on error, E5 (Groundball, 5)
Wayne Scott scores
Batting: RHB Zane Heath 0-0: Ball
1-0: Called Strike
1-1: Foul Ball, location: 2F
1-2: Foul Ball, location: 2F
1-2: Foul Ball, location: 2F
1-2: Ball
2-2: Foul Ball, location: 2F
2-2: Ball
3-2: Strikes out swinging
Batting: RHB Jason Ward 0-0: Ball
1-0: Ball
2-0: Foul Ball, location: 2F
2-1: Called Strike
2-2: Foul Ball, location: 2F
2-2: Strikes out swinging
Batting: RHB Phil Poole 0-0: Ball
1-0: Ball
2-0: Foul Ball, location: 2F
2-1: Ball
3-1: Called Strike
3-2: Fly out, F5 (Popup, 15)
Bottom of the 2nd over - 1 run(s), 0 hit(s), 1 error(s), 1 left on base; Butler HS 2 - Maris School 1
TOP OF THE 3RD
Butler HS Golden Tornado batting - Pitching for Maris School : LHP Rick Wolf
Batting: RHB Mike Morton 0-0: Called Strike
0-1: Ball
1-1: Swinging Strike
1-2: Foul Ball, location: 2F
1-2: Strikes out swinging, 2-3 out at first.
Batting: RHB Daniel Quintana 0-0: Swinging Strike
0-1: Ball
1-1: Ball
2-1: SINGLE (Line Drive, 6MD)
Batting: LHB Joe Vásquez 0-0: Called Strike
0-1: Fly out, F8 (Flyball, 8RM)
Batting: LHB Curtis Hudson 0-0: Ball
1-0: Ball
2-0: Ball
3-0: Called Strike
3-1: Base on Balls
Daniel Quintana to second
Batting: LHB Rob Phillips 0-0: Called Strike
0-1: Called Strike
0-2: Ball
1-2: Ball
2-2: Strikes out swinging
Top of the 3rd over - 0 run(s), 1 hit(s), 0 error(s), 2 left on base; Butler HS 2 - Maris School 1
BOTTOM OF THE 3RD
Maris School batting - Pitching for Butler HS Golden Tornado : RHP John O'Neil
Batting: RHB Dan Duckworth 0-0: Ball
1-0: Called Strike
1-1: SINGLE (Groundball, 34S)
Batting: RHB John Scammell 0-0: SINGLE (Line Drive, 34)
Dan Duckworth to second
Runner from 2nd tries for 3rd, SAFE, throw made to third
Batting: LHB Ryan Martin 0-0: Called Strike
0-1: Ball
1-1: Ball
2-1: Ball
3-1: Swinging Strike
3-2: Strikes out swinging
Batting: RHB Doug Carter 0-0: Foul Ball, location: 2F
0-1: Called Strike
0-2: Ball
1-2: Ball
2-2: Ball
3-2: Base on Balls
John Scammell to second
Batting: RHB Wayne Scott 0-0: Ball
1-0: Called Strike
1-1: Swinging Strike
1-2: Strikes out looking
Batting: RHB Dave McGuire 0-0: Fly out, F9 (Flyball, 89M)
Bottom of the 3rd over - 0 run(s), 2 hit(s), 0 error(s), 3 left on base; Butler HS 2 - Maris School 1
TOP OF THE 4TH
Butler HS Golden Tornado batting - Pitching for Maris School : LHP Rick Wolf
Batting: RHB Ed Meyers Single, Error in OF, E9, batter to second base
Batting: LHB Juan Díaz 0-0: Foul Ball, location: 2F
0-1: Ball
1-1: Foul Ball, location: 2F
1-2: Ground out 5-3 (Groundball, 5S)
Ed Meyers to third
Batting: LHB Byron McIlmoyle 0-0: Ball
1-0: Ball
2-0: Ball
3-0: Base on Balls
Pitching: RHP Paul Burns
Batting: RHB Keith Gamble 0-0: Ball
1-0: Foul Ball, location: 2F
1-1: Ball
2-1: Called Strike
2-2: Fly out, F5 (Popup, 15)
Batting: RHB Mike Morton 0-0: Foul Ball, location: 2F
0-1: Ball
1-1: Swinging Strike
1-2: Strikes out swinging
Top of the 4th over - 0 run(s), 1 hit(s), 1 error(s), 2 left on base; Butler HS 2 - Maris School 1
BOTTOM OF THE 4TH
Maris School batting - Pitching for Butler HS Golden Tornado : RHP John O'Neil
Batting: RHB Zane Heath 0-0: Called Strike
0-1: Ball
1-1: Called Strike
1-2: Ball
2-2: Strikes out looking
Pitching: RHP David Hesketh
Batting: RHB Jason Ward 0-0: Ball
1-0: Ball
2-0: Called Strike
2-1: Ball
3-1: Called Strike
3-2: Strikes out looking
Batting: RHB Phil Poole 0-0: Ball
1-0: Ball
2-0: Swinging Strike
2-1: Foul Ball, location: 2F
2-2: SINGLE (Flyball, 89M)
Batting: RHB Dan Duckworth 0-0: Foul Ball, location: 2F
0-1: Ball
1-1: Swinging Strike
1-2: Ball
2-2: Ball
3-2: Strikes out looking
Bottom of the 4th over - 0 run(s), 1 hit(s), 0 error(s), 1 left on base; Butler HS 2 - Maris School 1
TOP OF THE 5TH
Butler HS Golden Tornado batting - Pitching for Maris School : RHP Paul Burns
Batting: RHB Daniel Quintana 0-0: Called Strike
0-1: Ball
1-1: Ball
2-1: Foul Ball, location: 2F
2-2: Ball
3-2: Base on Balls
Batting: LHB Joe Vásquez 0-0: Called Strike
Daniel Quintana is caught stealing 2nd base
0-1: Ball
1-1: Ground out 3-1 (Groundball, 3)
Batting: LHB Curtis Hudson 0-0: Ground out 4-3 (Groundball, 4)
Top of the 5th over - 0 run(s), 0 hit(s), 0 error(s), 0 left on base; Butler HS 2 - Maris School 1
BOTTOM OF THE 5TH
Maris School batting - Pitching for Butler HS Golden Tornado : RHP David Hesketh
Batting: RHB John Scammell 0-0: Ball
1-0: Called Strike
1-1: Ball
2-1: Ball
3-1: Called Strike
3-2: SINGLE (Line Drive, 56)
Batting: LHB Ryan Martin 0-0: Foul Ball, location: 2F
0-1: Ball
1-1: Called Strike
1-2: Ball
2-2: Strikes out swinging
Batting: RHB Doug Carter 0-0: Ball
1-0: Swinging Strike
1-1: Swinging Strike
1-2: Ball
2-2: Strikes out swinging
Batting: RHB Wayne Scott 0-0: Called Strike
0-1: Ball
1-1: SINGLE (Flyball, 89M)
John Scammell to second
Runner from 2nd tries for 3rd, SAFE, throw made to third
Batting: RHB Dave McGuire 0-0: Foul Ball, location: 2F
0-1: Called Strike
0-2: Fly out, F4 (Popup, 4S)
Bottom of the 5th over - 0 run(s), 2 hit(s), 0 error(s), 2 left on base; Butler HS 2 - Maris School 1
TOP OF THE 6TH
Butler HS Golden Tornado batting - Pitching for Maris School : RHP Paul Burns
Batting: LHB Rob Phillips 0-0: SINGLE (Line Drive, 6MD)
Batting: RHB Ed Meyers 0-0: Ball
1-0: Called Strike
1-1: Ball
2-1: Ball
3-1: Foul Ball, location: 2F
3-2: Base on Balls
Rob Phillips to second
Batting: LHB Juan Díaz 0-0: Ball
1-0: SINGLE (Flyball, 6MD)
Rob Phillips to third
Ed Meyers to second
Runner from 3rd tries for Home, throw and OUT!
Batting: LHB Byron McIlmoyle 0-0: Fielders Choice at 2nd, 4-6 (Groundball, 34)
Ed Meyers to third
Batting: RHB Keith Gamble 0-0: Foul Ball, location: 2F
0-1: Swinging Strike
0-2: Ball
1-2: Ball
2-2: Foul Ball, location: 2F
2-2: Ball
3-2: Fly out, F6 (Line Drive, 56)
Top of the 6th over - 0 run(s), 2 hit(s), 0 error(s), 2 left on base; Butler HS 2 - Maris School 1
BOTTOM OF THE 6TH
Maris School batting - Pitching for Butler HS Golden Tornado : RHP David Hesketh
Batting: RHB Zane Heath 0-0: Ball
1-0: Foul Ball, location: 2F
1-1: Foul Ball, location: 2F
1-2: Ground out 6-3 (Groundball, 6)
Batting: RHB Jason Ward 0-0: Called Strike
0-1: DOUBLE (Flyball, 9M)
Batting: RHB Phil Poole 0-0: Called Strike
0-1: Ground out 5-3 (Groundball, 5S)
Jason Ward to third
Batting: RHB Dan Duckworth 0-0: Ball
1-0: Ball
2-0: Ball
3-0: Base on Balls
Pitching: RHP Ethan Knight
Batting: RHB John Scammell 0-0: Called Strike
0-1: Ball
1-1: Swinging Strike
1-2: Fly out, F2 (Popup, 2LF)
Bottom of the 6th over - 0 run(s), 1 hit(s), 0 error(s), 2 left on base; Butler HS 2 - Maris School 1
TOP OF THE 7TH
Butler HS Golden Tornado batting - Pitching for Maris School : RHP Paul Burns
Pitching: RHP Gabriel Mills
Batting: RHB Mike Morton 0-0: Ball
1-0: Reached on error, E4 (Groundball, 4)
Batting: RHB Daniel Quintana 0-0: Ball
1-0: Called Strike
Mike Morton steals 2nd base
1-1: Ball
2-1: Foul Ball, location: 2F
2-2: Strikes out looking
Batting: LHB Joe Vásquez 0-0: Intentional Walk
Batting: LHB Curtis Hudson 0-0: Called Strike
0-1: Ball
1-1: Foul Ball, location: 2F
1-2: Strikes out swinging
Batting: LHB Rob Phillips 0-0: Called Strike
0-1: Fly out, F7 (Flyball, 7LM)
Top of the 7th over - 0 run(s), 0 hit(s), 1 error(s), 2 left on base; Butler HS 2 - Maris School 1
BOTTOM OF THE 7TH
Maris School batting - Pitching for Butler HS Golden Tornado : RHP Ethan Knight
Batting: LHB Ryan Martin 0-0: Fly out, F9 (Flyball, 9M)
Batting: RHB Doug Carter 0-0: Ball
1-0: Fly out, F8 (Flyball, 8LM)
Batting: RHB Wayne Scott 0-0: Ball
1-0: Called Strike
1-1: Foul Ball, location: 2F
1-2: Ball
2-2: Ball
3-2: Base on Balls
Batting: RHB Dave McGuire 0-0: Ball
Wayne Scott steals 2nd base
1-0: Ball
2-0: Called Strike
2-1: Ground out 1-3 (Groundball, 15)
Bottom of the 7th over - 0 run(s), 0 hit(s), 0 error(s), 1 left on base; Butler HS 2 - Maris School 1
TOP OF THE 8TH
Butler HS Golden Tornado batting - Pitching for Maris School : RHP Gabriel Mills
Batting: RHB Ed Meyers 0-0: Foul Ball, location: 2F
0-1: Ball
1-1: Ball
2-1: Swinging Strike
2-2: Strikes out swinging
Batting: LHB Juan Díaz 0-0: Foul Ball, location: 2F
0-1: Called Strike
0-2: Strikes out swinging
Batting: LHB Byron McIlmoyle 0-0: Swinging Strike
0-1: Ball
1-1: Ball
2-1: Foul Ball, location: 2F
2-2: Fly out, F8 (Flyball, 8RXD)
Top of the 8th over - 0 run(s), 0 hit(s), 0 error(s), 0 left on base; Butler HS 2 - Maris School 1
BOTTOM OF THE 8TH
Maris School batting - Pitching for Butler HS Golden Tornado : RHP Ethan Knight
Now at 3B: Myles Hopkins
Batting: RHB Zane Heath 0-0: Ball
1-0: Ball
2-0: Called Strike
2-1: Fly out, F7 (Flyball, 78M)
Batting: RHB Jason Ward 0-0: Called Strike
0-1: Called Strike
0-2: Ball
1-2: Strikes out looking
Batting: RHB Phil Poole 0-0: Swinging Strike
0-1: Called Strike
0-2: Ball
1-2: Ball
2-2: Strikes out swinging
Bottom of the 8th over - 0 run(s), 0 hit(s), 0 error(s), 0 left on base; Butler HS 2 - Maris School 1
TOP OF THE 9TH
Butler HS Golden Tornado batting - Pitching for Maris School : RHP Gabriel Mills
Pitching: LHP Anthony Lewis
Batting: RHB Keith Gamble 0-0: Foul Ball, location: 2F
0-1: Called Strike
0-2: Ball
1-2: Ball
2-2: Foul Ball, location: 2F
2-2: Ball
3-2: Base on Balls
Batting: RHB Mike Morton 0-0: Ball
1-0: Ball
2-0: Called Strike
2-1: Foul Ball, location: 2F
2-2: Fielders Choice at 2nd, 1-6 (Groundball, 13)
Batting: RHB Daniel Quintana 0-0: Ball
1-0: Ball
2-0: Foul Ball, location: 2F
2-1: Ball
3-1: Called Strike
3-2: Foul Ball, location: 2F
3-2: Foul Ball, location: 2F
3-2: Base on Balls
Mike Morton to second
Batting: LHB Joe Vásquez 0-0: Called Strike
0-1: Ball
1-1: Swinging Strike
1-2: Ball
2-2: Ball
3-2: Foul Ball, location: 2F
3-2: Strikes out looking
Batting: LHB Curtis Hudson 0-0: Ground out 2-3 (Groundball, 2L)
Top of the 9th over - 0 run(s), 0 hit(s), 0 error(s), 2 left on base; Butler HS 2 - Maris School 1
BOTTOM OF THE 9TH
Maris School batting - Pitching for Butler HS Golden Tornado : RHP Ethan Knight
Pitching: LHP Craig Grant
Now at 1B: Tomás Gonsáles
Batting: RHB Dan Duckworth 0-0: Ground out 5-3 (Groundball, 56)
Batting: RHB John Scammell 0-0: Ball
1-0: Swinging Strike
1-1: Ball
2-1: Ball
3-1: Base on Balls
Batting: LHB Ryan Martin 0-0: Ball
1-0: Called Strike
1-1: Ball
2-1: Ball
3-1: Base on Balls
John Scammell to second
Batting: RHB Doug Carter 0-0: Called Strike
0-1: Swinging Strike
0-2: Fly out, F9 (Flyball, 9M)
Batting: RHB Wayne Scott 0-0: Swinging Strike
0-1: Ball
1-1: Foul Ball, location: 2F
1-2: Ball
2-2: Foul Ball, location: 2F
2-2: Ball
3-2: Base on Balls
John Scammell to third
Ryan Martin to second
Batting: RHB Dave McGuire 0-0: Called Strike
0-1: Ball
1-1: Foul Ball, location: 2F
1-2: Strikes out swinging
Bottom of the 9th over - 0 run(s), 0 hit(s), 0 error(s), 3 left on base; Butler HS 2 - Maris School 1
This league is powered by Out of the Park Baseball, the baseball management simulation game for PC, Mac and Linux
Tuesday, August 2nd, 2016 - OOTP Baseball 16.8 Build 38